 Dungeon Crawl Stone Soup version 0.31-a0-175-g9f7f995f2b (webtiles) character file.

Game seed: 15906429505568215135

84 qw the Shooter (level 4, -16/40 HPs)
             Began as a Naga Hunter on June 17, 2023.
             Demolished by Menkaure (17 damage)
             ... on level 4 of the Dungeon.
             The game lasted 00:00:47 (1831 turns).

qw the Shooter (Naga Hunter)                        Turns: 1831, Time: 00:00:48

Health: -16/40     AC:  4    Str: 13    XL:     4   Next: 46%
Magic:  4/4        EV:  9    Int: 10    God:
Gold:   190        SH:  0    Dex: 16    Spells: 3/3 levels left

rFire   . . .        Y - +0 arbalest
rCold   . . .        (shield currently unavailable)
rNeg    . . .        c - +0 leather armour
rPois   +            e - +0 helmet
rElec   .            (no cloak)
rCorr   .            f - +0 pair of gloves
SInv    +            (no barding)
Will    .....        (no amulet)
Stlth   ++           (no ring)
HPRegen 0.26/turn    (no ring)
MPRegen 0.09/turn

%: no passive effects
@: short of breath, very slow
A: AC +1, large, see invisible, deformed body, poison resistance, slowness 2,
spit poison 1, naga tail 1
a: Spit Poison


You were on level 4 of the Dungeon.
You visited 1 branch of the dungeon, and saw 4 of its levels.

You collected 190 gold pieces.


Innate Abilities, Weirdness & Mutations

Your serpentine skin is tough. (AC +1)
You have supernaturally acute eyesight. (SInv)
Armour fits poorly on your strangely shaped body.
Your system is resistant to poisons. (rPois)
You cover ground very slowly.
You can spit poison.
You have a snake-like lower body.


   Skills:
 + Level 2.4 Fighting
 - Level 5.1 Ranged Weapons
 - Level 1.5 Dodging
 - Level 1.5 Stealth


You had 3 spell levels left.
You didn't know any spells.
Your spell library was empty.

Inventory:

Hand Weapons
 Y - a +0 arbalest (weapon)
Armour
 c - a +0 leather armour (worn)
 e - a +0 helmet (worn)
 f - a +0 pair of gloves (worn)
Scrolls
 b - a scroll of identify
Potions
 a - a potion of invisibility {unknown}
 d - a potion of resistance {unknown}
 h - a potion of cancellation
 i - a potion of curing
 j - a potion of enlightenment {unknown}
 k - a potion of ambrosia {unknown}

Dungeon Overview and Level Annotations

Branches:
Dungeon (4/15)
 Temple: D:4-7

Altars:

Shops:
D:2 [

Annotations:
D:4 Menkaure


Message History

You have got your breath back.
HP restored.
Done exploring.
(D) Dungeon
Where to? (* - list waypoints, Enter - D:4, ? - help)
What level of the Dungeon? (default 1, ? - help)
There is a stone staircase leading down here.
You climb downwards.
Level annotation: Menkaure
Found 15 gold pieces.
There is a stone staircase leading up here.
The centaur shoots an arrow.
The arrow hits you!
You shoot a bolt. The bolt closely misses the centaur.
You hear a shout!
The centaur shoots an arrow.
The arrow hits you.
The centaur shoots an arrow.
The arrow closely misses you.
You shoot a bolt. The bolt barely misses the centaur.
The centaur shoots an arrow.
The arrow hits you!
The centaur shoots an arrow.
The arrow hits you!
You shoot a bolt. The bolt hits Menkaure.
Menkaure is moderately damaged.
You shoot a bolt. The bolt hits Menkaure.
Menkaure is moderately damaged.
Menkaure hits you but does no damage.
1830 ||| INVOKING Spit Poison.
Aiming: Spit Poison (1% risk of failure)
Press: ? - help, Shift-Dir - straight line, f - centaur, p - Menkaure You fail to use your ability.
The centaur unwields a +0 shortbow.
The centaur hits you.
The centaur kicks you but does no damage.
Menkaure hits you but does no damage.
An endoplasm comes into view.
1831 ||| INVOKING Spit Poison.
Aiming: Spit Poison (1% risk of failure)
Press: ? - help, Shift-Dir - straight line, f/p - centaur The splash of poison hits the centaur.
The centaur is poisoned.
The centaur is lightly wounded.
The centaur hits you. The centaur completely misses you. The centaur hits you.
The centaur kicks you. Menkaure hits you!
You die...

#.....>.....##
#...(.<......#
#.!........#..
...)...B....#
##....c.....#
#...........#
#.B#.###..#.#
#cM#.# #?#...
#.@#.# .. ..
##<..#
#......#
#..#......
#...#.......
#.. . .......
...##. .#..#..
..## ##
....... ..
...$..


You could see Menkaure, a centaur (poisoned) and a giant cockroach.

Vanquished Creatures
  4 adders
  A worm (D:2)
  A dart slug (D:1)
  5 ball pythons
  3 bats
  7 endoplasms
  A giant cockroach (D:3)
  4 hobgoblins
  4 jackals (D:1)
  5 kobolds
  2 frilled lizards
  2 goblins
  4 rats
43 creatures vanquished.

Notes
Turn   | Place    | Note
-------+----------+-------------------------------------------
     0 | D:1      | qw the Naga Hunter began the quest for the Orb.
     0 | D:1      | Reached XP level 1. HP: 19/19 MP: 1/1
     0 | D:1      | 0 ||| qw: Version: 0.3-a-2-g5ab2908
     0 | D:1      | 0 ||| qw: Game counter: 245
     0 | D:1      | 0 ||| qw: Always use a shield: true
     0 | D:1      | 0 ||| qw: God list: Okawaru
     0 | D:1      | 0 ||| qw: Allow faded altars: false
     0 | D:1      | 0 ||| qw: Do Orc after D:15 true
     0 | D:1      | 0 ||| qw: Do second Lair branch before Depths: true
     0 | D:1      | 0 ||| qw: Lair rune preference: random
     0 | D:1      | 0 ||| qw: Plans: Normal
     0 | D:1      | 0 ||| PLANNING D:1-11
    62 | D:1      | 62 ||| FLEEEEING.
    63 | D:1      | 63 ||| FLEEEEING.
    64 | D:1      | 64 ||| FLEEEEING.
    65 | D:1      | 65 ||| FLEEEEING.
    66 | D:1      | 66 ||| FLEEEEING.
    67 | D:1      | 67 ||| FLEEEEING.
    68 | D:1      | 68 ||| FLEEEEING.
    69 | D:1      | 69 ||| FLEEEEING.
   152 | D:1      | Reached skill level 4 in Ranged Weapons
   152 | D:1      | Reached XP level 2. HP: 26/26 MP: 2/2
   155 | D:1      | 155 ||| INVOKING Spit Poison.
   159 | D:1      | 159 ||| INVOKING Spit Poison.
   163 | D:1      | 163 ||| INVOKING Spit Poison.
   167 | D:1      | 167 ||| INVOKING Spit Poison.
   190 | D:1      | 190 ||| INVOKING Spit Poison.
   389 | D:1      | 389 ||| INVOKING Spit Poison.
   395 | D:1      | 395 ||| INVOKING Spit Poison.
   433 | D:1      | 433 ||| INVOKING Spit Poison.
   434 | D:1      | Reached XP level 3. HP: 32/32 MP: 3/3
   512 | D:1      | 512 ||| UPGRADING to +0 pair of gloves.
   517 | D:1      | 517 ||| DROPPING amulet of magic regeneration.
   518 | D:1      | 518 ||| READING scroll labelled SEIR WEPUZOLLIO.
   519 | D:1      | 519 ||| READING scroll labelled QUOCUACZUNG.
   523 | D:1      | 523 ||| READING scroll labelled XOMI ZETOGUPTO.
   524 | D:1      | 524 ||| READING scroll labelled YXAIVOR XIEMMU.
   525 | D:1      | 525 ||| DRINKING 2 cyan potions.
   543 | D:1      | 543 ||| DROPPING scroll of butterflies.
   544 | D:1      | 544 ||| DROPPING potion of lignification.
   575 | D:2      | 575 ||| INVOKING Spit Poison.
   576 | D:2      | 576 ||| STAIRDANCE
   578 | D:1      | 578 ||| INVOKING Spit Poison.
   594 | D:2      | Found Leiz's Armour Boutique.
   603 | D:2      | 603 ||| SHOPLISTING +3 leather armour of cold resistance
                  | (336 gold, have 69).
   754 | D:2      | 754 ||| INVOKING Spit Poison.
   758 | D:2      | 758 ||| INVOKING Spit Poison.
   789 | D:2      | 789 ||| INVOKING Spit Poison.
   813 | D:2      | 813 ||| INVOKING Spit Poison.
   831 | D:2      | 831 ||| SWAPPING to +0 arbalest.
   832 | D:2      | 832 ||| DROPPING +0 shortbow.
   902 | D:2      | 902 ||| INVOKING Spit Poison.
   907 | D:2      | 907 ||| INVOKING Spit Poison.
   910 | D:2      | 910 ||| INVOKING Spit Poison.
   941 | D:2      | 941 ||| INVOKING Spit Poison.
  1041 | D:2      | 1041 ||| INVOKING Spit Poison.
  1045 | D:2      | 1045 ||| INVOKING Spit Poison.
  1046 | D:2      | Reached skill level 5 in Ranged Weapons
  1046 | D:2      | Reached XP level 4. HP: 38/39 MP: 4/4
  1069 | D:2      | 1069 ||| READING scroll labelled KOERE DIEHEZUA.
  1070 | D:2      | 1070 ||| READING scroll labelled WIDARUSTAFAE.
  1071 | D:2      | 1071 ||| DRINKING 2 orange potions.
  1072 | D:2      | 1072 ||| DRINKING 2 purple potions.
  1073 | D:2      | 1073 ||| DROPPING potion of attraction.
  1091 | D:3      | 1091 ||| INVOKING Spit Poison.
  1108 | D:3      | 1108 ||| INVOKING Spit Poison.
  1122 | D:3      | 1122 ||| INVOKING Spit Poison.
  1271 | D:3      | 1271 ||| INVOKING Spit Poison.
  1558 | D:3      | 1558 ||| INVOKING Spit Poison.
  1564 | D:3      | 1564 ||| UPGRADING to +0 helmet.
  1569 | D:3      | 1569 ||| READING scroll labelled JINIRHORYOSM.
  1570 | D:3      | 1570 ||| DRINKING 2 emerald potions.
  1597 | D:4      | Noticed Menkaure
  1599 | D:4      | Noticed a centaur
  1600 | D:4      | 1600 ||| STAIRDANCE
  1622 | D:4      | 1622 ||| STAIRDANCE
  1660 | D:4      | 1660 ||| STAIRDANCE
  1660 | D:4      | HP: 5/39 [centaur/arrow (12)]
  1660 | D:4      | HP: 2/39 [centaur/arrow (2)]
  1662 | D:3      | 1662 ||| READING scroll of teleportation.
  1663 | D:3      | 1663 ||| INVOKING Spit Poison.
  1827 | D:4      | HP: 6/40 [centaur/arrow (9)]
  1830 | D:4      | 1830 ||| INVOKING Spit Poison.
  1831 | D:4      | 1831 ||| INVOKING Spit Poison.
  1831 | D:4      | HP: 2/40 [centaur (1)]
  1831 | D:4      | Demolished by Menkaure

Levels and vault maps discovered:
D:1:      dpeg_arrival_pond, layout_basic
D:2:      layout_rooms, serial_shops, shop
D:3:      layout_rooms
D:4:      layout_rooms, nicolae_overflow_squiral, general_overflow_altar,
          uniq_duvessa, uniq_eustachio, uniq_menkaure

Skill      XL: |  1  2  3 |
---------------+----------+-----
Ranged Weapons | 4 5 |  5.1
Fighting       | |  2.4
Dodging        | |  1.5
Stealth        | |  1.5

Action                     |  1- 3 |  4- 6 || total
---------------------------+-------+-------++-------
   Fire: Shortbow          |    56 |       ||    56
         Arbalest          |    14 |    18 ||    32
Ability: Spit Poison       |    20 |     7 ||    27
    Use: Scroll            |     4 |     4 ||     8
         Potion            |     1 |     3 ||     4
 Armour: Leather armour    |     9 |     4 ||    13
  Dodge: Dodged            |    21 |     6 ||    27

Table legend:
 A = Non-vault XP
 B = Vault XP
 C = Vault XP percentage of total XP
 D = Non-vault monster count
 E = Vault monster count
 F = Vault count percentage of total count
                 A         B        C        D         E       F
            +---------+---------+-------+---------+---------+-------
      Total |     121 |       0 |   0.0 |      43 |       0 |   0.0
            +---------+---------+-------+---------+---------+-------
        D:1 |      49 |       0 |   0.0 |      19 |       0 |   0.0
        D:2 |      44 |       0 |   0.0 |      11 |       0 |   0.0
        D:3 |      28 |       0 |   0.0 |      13 |       0 |   0.0
            +---------+---------+-------+---------+---------+-------
